Map: Jagannatha EC

Players

FaFaN

  • Race: Zerg Zerg
  • League: Platinum
  • Spawn Location: 1:00

ShIdOx - Winner!

  • Race: Terran Terran
  • Spawn Location: 7:00

VOD

Have the link to the VOD?

Description

Bio tank + no detection vs lurker

Time

  • Played on: Oct. 30, 2020, 2:25 p.m.
  • Length: 23:35
Show
View Real Time Build Order
Export as new Build Order

FaFaN Zerg 

Build Orders: Pool First, Lurkers 

Get SALT Encoding   

  12  0:00  Drone  
  13  0:12  Overlord  
  13  0:19  Drone  
  14  0:30  Drone  
  14  0:31  Drone  
  16  0:36  Drone  
  17  0:47  Drone  
  18  0:53  Spawning Pool  
  17  1:02  Drone  
  18  1:14  Hatchery  
  17  1:18  Drone  
  17  1:22  Drone  
  19  1:29  Overlord  
  19  1:38  Extractor  
  18  1:40  Drone  
  18  1:44  Queen  
  21  1:52  Zergling x2  
  22  2:02  Zergling x2  
  23  2:12  Zergling x2  
  24  2:26  Zergling x2  
  24  2:29  Queen  
  25  2:31  Drone  
  25  2:36  Drone  
  29  2:41  Queen  
  31  2:44  Metabolic Boost  
  31  2:48  Drone x2  
  31  2:49  Drone  
  34  3:04  Overlord  
  34  3:05  Queen, Overlord  
  36  3:41  Drone x2  
  36  3:42  Drone x4  
  42  3:49  Hatchery  
  41  3:57  Lair  
  41  3:58  Drone x3  
  44  4:03  Overlord  
  44  4:18  Roach Warren  
  43  4:24  Extractor  
  42  4:49  Evolution Chamber  
  41  4:55  Drone x5, Evolution Chamber, Spine Crawler  
  41  4:56  Drone x3, Zergling x2  
  41  4:57  Zergling x8  
  41  4:59  Glial Reconstitution  
  52  5:06  Overseer  
  51  5:13  Queen  
  53  5:14  Drone x2  
  53  5:20  Extractor  
  54  5:22  Hydralisk Den  
  54  5:23  Drone  
  54  5:24  Drone x3  
  57  5:29  Extractor  
  56  5:37  Overlord x5  
  56  5:47  Zerg Ground Armor Level 1  
  56  5:59  Spore Crawler  
  56  6:01  Spine Crawler  
  54  6:04  Drone x3  
  54  6:05  Roach x3  
  54  6:09  Zerg Missile Weapons Level 1  
  63  6:21  Drone x3  
  63  6:22  Drone x3  
  63  6:25  Drone x2  
  71  6:30  Muscular Augments  
  71  6:37  Baneling Nest  
  71  6:39  Spine Crawler  
  69  6:42  Spine Crawler  
  69  6:44  Ravager x3  
  70  6:47  Zergling x4  
  67  6:59  Zergling x6  
  67  7:00  Zergling x8  
  60  7:20  Baneling, Hydralisk x2  
  60  7:21  Hydralisk x4  
  59  7:35  Hydralisk x2  
  63  7:49  Queen x3  
  69  7:53  Drone x3  
  72  8:15  Lurker Den  
  72  8:17  Zerg Ground Armor Level 2  
  71  8:20  Zergling x6  
  71  8:21  Zergling x6  
  71  8:23  Drone  
  78  8:29  Overseer  
  78  8:30  Overseer  
  78  8:31  Queen  
  80  8:42  Drone x5  
  80  8:43  Drone  
  80  8:45  Baneling x2  
  80  8:46  Baneling  
  86  8:54  Grooved Spines  
  86  9:09  Drone x4  
  90  9:12  Overlord x4  
  90  9:44  Hatchery  
  89  9:51  Lurker x6  
  95  9:53  Zergling x4  
  95  9:54  Zergling x12  
  101  10:05  Zergling x10  
  91  10:12  Zergling x6  
  91  10:13  Zergling x2  
  82  10:21  Zergling x6  
  77  10:31  Zergling x6  
  76  10:39  Hydralisk x2, Lurker  
  79  10:49  Extractor  
  78  10:50  Extractor  
  78  10:54  Baneling x15  
  78  10:55  Baneling x3  
  77  10:57  Drone  
  77  10:58  Drone x3  
  77  11:01  Hatchery  
  80  11:32  Infestation Pit  
  79  11:36  Drone x5, Hatchery  
  79  11:37  Hydralisk x3  
  79  11:38  Hydralisk x3  
  95  11:47  Zergling x4  
  95  11:49  Lurker x2  
  99  11:59  Drone  
  99  12:00  Drone x2  
  102  12:09  Lurker x4  
  102  12:12  Zergling x2  
  102  12:13  Zergling x14  
  114  12:26  Extractor  
  114  12:27  Extractor  
  114  12:29  Spore Crawler  
  111  12:31  Spine Crawler  
  111  12:33  Drone x3  
  111  12:34  Drone x5  
  118  12:49  Spine Crawler  
  118  12:50  Drone x2  
  118  12:51  Drone x2  
  121  12:54  Baneling x6  
  121  12:55  Zergling x4  
  106  13:07  Zergling x8  
  101  13:22  Hydralisk x3  
  108  13:27  Drone x2  
  108  13:31  Queen  
  108  13:33  Hive  
  111  13:36  Zerg Missile Weapons Level 2  
  111  13:39  Zerg Melee Weapons Level 1  
  111  13:40  Centrifical Hooks  
  111  13:43  Queen  
  109  14:01  Zergling x14  
  109  14:02  Zergling x6  
  117  14:12  Zergling x6  
  113  14:19  Overlord x6  
  104  14:35  Zergling x6  
  104  14:36  Zergling x6  
  102  14:39  Lurker  
  102  14:41  Hydralisk x2  
  102  14:42  Hydralisk x3  
  113  14:53  Drone x3  
  113  14:57  Seismic Spines  
  116  15:00  Spire  
  116  15:06  Hatchery  
  114  15:07  Hatchery, Spore Crawler  
  114  15:09  Drone, Spore Crawler  
  114  15:11  Extractor x2  
  114  15:13  Pneumatized Carapace  
  110  15:18  Overseer x3  
  110  15:24  Lurker x4  
  110  15:25  Hydralisk x3, Lurker  
  110  15:26  Hydralisk x4  
  129  15:39  Zergling x8  
  129  15:40  Zergling x6  
  129  15:41  Overseer x2  
  136  15:48  Drone x7  
  136  15:49  Drone x2  
  145  15:51  Baneling  
  145  15:52  Baneling x17  
  145  15:53  Baneling  
  145  15:54  Adaptive Talons  
  145  16:02  Hydralisk x4  
  145  16:03  Hydralisk  
  127  16:34  Hydralisk  
  129  16:45  Zergling x6  
  129  16:46  Lurker x3  
  129  16:48  Overlord x4  
  129  16:49  Overlord x3  
  129  17:00  Lurker x4  
  128  17:02  Zergling x2  
  112  17:23  Mutalisk x3, Zergling x10  
  112  17:24  Mutalisk x7  
  136  17:32  Overseer  
  136  17:33  Overseer x2  
  136  17:36  Drone  
  129  17:49  Mutalisk x4  
  129  17:50  Mutalisk x2  
  140  17:52  Zergling x4  
  140  17:53  Zergling x2  
  140  17:54  Queen  
  145  17:59  Zerg Missile Weapons Level 3  
  145  18:05  Spine Crawler  
  145  18:08  Extractor x2  
  145  18:09  Drone x3  
  137  18:21  Zergling x12  
  142  18:29  Hydralisk x4  
  150  18:34  Greater Spire  
  150  18:59  Drone x8  
  150  19:00  Drone x9, Hatchery  
  166  19:03  Overseer  
  166  19:04  Spine Crawler  
  166  19:07  Spine Crawler  
  164  19:18  Queen  
  164  19:19  Drone  
  167  19:28  Baneling Nest  
  166  19:31  Spire  
  166  19:32  Evolution Chamber, Zergling x8  
  166  19:33  Zergling x2  
  147  19:46  Lurker x3  
  147  19:47  Lurker x3  
  141  19:56  Lurker  
  110  20:00  Zergling x16  
  110  20:01  Zergling x14  
  113  20:08  Zergling x8  
  109  20:28  Spine Crawler  
  108  20:29  Spore Crawler, Spine Crawler  
  108  20:31  Spine Crawler  
  108  20:33  Spore Crawler  
  108  20:34  Hydralisk x5  
  108  20:35  Hydralisk x3  
  116  20:38  Zergling x4  
  116  20:39  Zergling x6  
  116  20:40  Baneling  
  116  20:41  Baneling x2  
  110  20:54  Mutalisk x6  
  110  20:55  Mutalisk x4  
  122  21:04  Lurker x2  
  122  21:09  Zergling x12  
  122  21:10  Zergling x6  
  131  21:13  Lurker  
  128  21:30  Zergling x4  
  128  21:31  Zergling x12  
  126  21:45  Lurker  
  126  21:46  Baneling x2  
  126  21:47  Baneling x3  
  118  21:48  Zergling x12  
  113  21:59  Lurker  
  113  22:00  Lurker x2  
  113  22:01  Zergling x8  
  99  22:10  Zergling x4  
  99  22:11  Zergling x4  
  91  22:27  Mutalisk x6  
  91  22:28  Corruptor  
  91  22:29  Corruptor x2  
  108  22:31  Overlord x2  
Show
View Real Time Build Order
Export as new Build Order

ShIdOx Terran - Winner!

Build Orders: Command Center First (CC) 

Get SALT Encoding   

  12  0:00  SCV  
  13  0:12  SCV  
  14  0:18  Supply Depot  
  14  0:24  SCV  
  15  0:39  SCV  
  16  0:52  SCV  
  17  1:01  Command Center  
  17  1:05  SCV  
  18  1:17  SCV  
  19  1:21  Barracks  
  19  1:25  Refinery  
  19  1:29  SCV  
  20  1:41  SCV  
  21  1:49  Supply Depot  
  21  1:59  SCV  
  22  2:10  Refinery  
  22  2:12  Orbital Command  
  22  2:15  Orbital Command  
  22  2:28  Marine  
  23  2:31  Factory  
  23  2:36  Bunker  
  23  2:38  SCV  
  23  2:44  SCV  
  24  2:50  SCV, Supply Depot  
  25  3:04  Barracks Reactor  
  25  3:11  SCV, Barracks  
  25  3:12  SCV, Barracks  
  27  3:16  Factory Reactor  
  27  3:23  SCV  
  27  3:25  Supply Depot  
  27  3:26  SCV  
  29  3:42  SCV  
  29  3:43  SCV  
  29  3:44  Marine x2  
  32  3:54  SCV  
  33  3:56  Widow Mine x2  
  33  3:58  SCV  
  33  4:01  Barracks Tech Lab  
  33  4:02  Barracks Reactor  
  38  4:06  Starport  
  38  4:10  SCV x2  
  38  4:11  Marine x2  
  42  4:18  Engineering Bay  
  42  4:22  SCV  
  43  4:28  Marauder  
  43  4:30  Stimpack  
  45  4:33  Marine x2  
  45  4:34  SCV  
  45  4:35  Widow Mine  
  45  4:37  SCV  
  51  4:41  Marine x2  
  51  4:44  Starport Reactor  
  53  4:47  SCV  
  53  4:52  Marine x2  
  56  5:00  SCV  
  56  5:01  SCV  
  56  5:02  Marine x2  
  56  5:03  Marauder  
  62  5:11  Terran Infantry Weapons Level 1  
  62  5:16  Supply Depot, Engineering Bay  
  62  5:19  Supply Depot  
  62  5:36  Supply Depot  
  62  5:37  Supply Depot  
  62  5:38  SCV x2, Medivac x2, Marine x2  
  62  5:40  Refinery  
  62  5:41  Marine x3  
  73  5:43  Refinery  
  73  5:46  Terran Infantry Armor Level 1  
  73  5:56  SCV x2  
  75  6:12  Medivac  
  75  6:13  Medivac  
  79  6:21  SCV  
  79  6:22  SCV, Marine x2  
  79  6:23  Marine x2  
  79  6:24  Marauder  
  79  6:25  Widow Mine x2  
  91  6:32  Command Center  
  91  6:38  Barracks  
  91  6:40  Barracks  
  91  6:41  Barracks  
  91  6:47  Marine  
  91  6:48  Marine x2  
  94  6:55  Widow Mine, Marine  
  94  7:05  Widow Mine, Marauder  
  90  7:17  Marine x3  
  90  7:18  Marine  
  90  7:19  Widow Mine  
  94  7:30  Supply Depot  
  94  7:35  Combat Shield  
  94  7:39  Barracks Reactor  
  94  7:40  Barracks Reactor  
  94  7:42  Barracks Reactor  
  94  7:43  Medivac x2, Marine x4  
  94  7:44  Marauder  
  98  8:05  Marauder  
  100  8:09  Marine x3  
  100  8:12  Hellion x2  
  107  8:19  Marine  
  107  8:20  Marine x2  
  107  8:25  SCV x2, Armory  
  107  8:27  Armory  
  113  8:30  Planetary Fortress  
  112  8:35  Marine  
  112  8:36  Marine x4  
  117  9:03  Hellion x2, Marine x4  
  117  9:04  Supply Depot  
  117  9:06  Supply Depot x2  
  125  9:20  Marine x2  
  125  9:22  Marine x2  
  125  9:26  Marine x6, Marauder  
  125  9:28  Medivac x2  
  137  9:37  Supply Depot x2  
  137  9:38  Supply Depot, Refinery, Marine x2  
  137  9:40  Refinery  
  137  9:41  Marine x2  
  137  9:43  Terran Infantry Armor Level 2, Terran Infantry Weapons Level 2  
  137  9:44  Marine  
  142  9:48  Marauder  
  102  10:41  Marine x2  
  102  10:42  Marine x6  
  106  10:43  Marauder  
  106  10:45  Widow Mine x2, Medivac x2  
  115  11:12  Factory  
  115  11:14  Factory  
  115  11:16  Factory  
  115  11:25  Marine x2  
  115  11:26  Marine x6  
  115  11:27  Marauder  
  115  11:29  Medivac x2  
  129  11:37  Marine, Command Center  
  130  12:01  Missile Turret x2  
  130  12:04  Missile Turret  
  130  12:10  Factory Tech Lab x3  
  130  12:11  Marine  
  130  12:12  Marine x9  
  130  12:13  Marauder  
  130  12:14  Medivac x2  
  146  12:27  Missile Turret  
  146  12:30  Terran Infantry Weapons Level 3  
  146  12:34  Missile Turret  
  146  12:36  Terran Infantry Armor Level 3  
  146  12:39  Missile Turret  
  146  12:55  Missile Turret x2  
  144  12:58  Missile Turret  
  112  13:17  Marine x11  
  115  13:33  Siege Tank x3  
  124  13:35  Marine x2  
  124  13:36  Marauder  
  128  13:41  Marine x4  
  128  13:42  Marine  
  128  13:44  Factory Tech Lab  
  106  14:22  Marine x4  
  106  14:23  Marine  
  111  14:34  Siege Tank x2  
  111  14:35  Marine, Siege Tank x2  
  111  14:36  Marine x5  
  129  14:40  Marine x4  
  133  14:48  Planetary Fortress  
  133  14:56  Marine x4  
  133  14:57  Marine x3  
  140  15:01  Terran Vehicle Weapons Level 1  
  140  15:12  SCV  
  140  15:13  SCV x2, Marine x2  
  140  15:14  Marine x3  
  146  15:16  Siege Tank  
  151  15:32  Marine  
  151  15:33  Marine x7  
  151  15:34  Marine x2  
  159  15:49  SCV x4  
  163  15:50  Marine  
  164  16:00  Siege Tank x3  
  164  16:01  SCV  
  174  16:11  Refinery x2  
  139  16:43  Siege Tank x3  
  148  16:57  Marine x6  
  148  16:58  Marine  
  152  17:15  Siege Tank  
  146  17:26  Marine x3  
  146  17:27  Marine x2  
  146  17:28  Siege Tank  
  151  17:46  Neosteel Armor  
  135  18:51  Factory Tech Lab  
  135  18:52  Factory Tech Lab  
  135  18:54  Factory Tech Lab  
  135  18:55  Orbital Command  
  135  19:07  Missile Turret x2  
  135  19:08  Missile Turret  
  135  19:17  Marine x2  
  135  19:18  Marine x9  
  146  19:29  Missile Turret  
  146  19:30  Missile Turret  
  146  19:35  Marine x2  
  114  20:06  Marine  
  115  20:07  Marine x10  
  121  20:24  Marine  
  121  20:25  Marine x9  
  114  21:57  Marine  
  114  21:58  Marine x10  
  114  22:00  Siege Tank  
  114  22:01  Siege Tank x3  
  134  22:15  Marine x2  
  136  22:33  Siege Tank x4  
  148  22:44  Marine  
  148  22:45  Marine x10  
  142  23:02  Marine  
  142  23:03  Marine x4  
  119  23:11  Marine  
  119  23:12  Marine x5  
Tags
 
Add a new tag
Caveats
  • Supply blocks, unpowered buildings, or Contaminate may cause inaccurate times.
  • Supply counts are checked every 10 seconds.